Map: Central Protocol

Players

MorN - Winner!

  • Race: Terran Terran
  • League: Master

Sooge

  • Race: Protoss Protoss

VOD

Have the link to the VOD?

Description

Time

  • Played on: Nov. 17, 2015, 7:50 p.m.
  • Length: 10:30
Show
View Real Time Build Order
Export as new Build Order

MorN Terran - Winner!

Build Orders: MMM Bio 

Get SALT Encoding   

  12  0:00  SCV  
  13  0:13  SCV  
  14  0:19  Supply Depot  
  14  0:25  SCV  
  15  0:42  Barracks  
  15  0:44  SCV  
  15  0:46  Refinery  
  16  0:57  SCV  
  17  1:09  SCV  
  18  1:21  SCV  
  19  1:29  Marine  
  20  1:33  Orbital Command  
  20  1:43  Command Center  
  20  1:47  Marine  
  21  1:59  Factory  
  21  2:07  Supply Depot  
  21  2:10  Marine  
  21  2:13  SCV  
  23  2:28  SCV, Marine  
  25  2:40  SCV  
  25  2:42  Factory Tech Lab  
  26  2:44  Barracks  
  26  2:47  Marine  
  27  2:55  SCV  
  27  2:56  Orbital Command  
  28  3:02  Cyclone  
  31  3:06  Marine  
  31  3:07  SCV  
  31  3:42  SCV x2  
  31  3:46  Refinery  
  32  3:58  SCV  
  32  3:59  SCV  
  32  4:02  Stimpack  
  34  4:11  SCV x2  
  34  4:13  Barracks Reactor  
  35  4:23  SCV x2  
  37  4:24  Engineering Bay  
  37  4:26  Command Center, Factory Tech Lab  
  37  4:33  Barracks  
  37  4:35  SCV  
  38  4:40  SCV, Marine  
  40  4:47  SCV  
  40  4:51  Missile Turret  
  41  4:52  SCV, Starport  
  41  4:54  Factory Reactor  
  41  4:56  Missile Turret  
  41  4:59  SCV  
  43  5:05  SCV  
  43  5:06  Marine x2  
  46  5:20  Terran Infantry Weapons Level 1  
  46  5:22  Refinery  
  46  5:28  Supply Depot  
  46  5:30  Supply Depot  
  46  5:33  SCV x2, Marine x2  
  47  5:43  Orbital Command  
  47  5:46  SCV, Medivac  
  47  5:47  Medivac  
  47  5:48  SCV  
  51  5:53  Marauder, Marine  
  54  5:58  SCV  
  54  6:00  SCV  
  56  6:06  Supply Depot  
  56  6:07  Supply Depot  
  56  6:10  SCV, Factory Reactor  
  57  6:11  SCV  
  57  6:12  SCV  
  57  6:14  Refinery  
  57  6:15  Supply Depot, Marine  
  57  6:16  Marine  
  61  6:21  Combat Shields  
  61  6:22  SCV  
  61  6:24  SCV  
  63  6:28  Marauder  
  67  6:32  Marauder  
  67  6:35  SCV  
  67  6:39  SCV  
  69  6:43  Supply Depot  
  69  6:44  Engineering Bay  
  69  6:49  Marauder  
  69  6:51  Armory  
  69  6:53  Marine x2  
  74  6:54  Marauder  
  74  7:01  Medivac x2  
  72  7:02  SCV x2  
  72  7:06  Supply Depot  
  75  7:16  Marine x2  
  75  7:17  Marauder, Marine  
  80  7:28  Widow Mine x2  
  84  7:30  SCV  
  84  7:31  Medivac x2  
  84  7:35  Marauder  
  91  7:42  Marauder, Marine x2  
  85  7:56  Marauder  
  82  8:00  Marine x2  
  82  8:03  Medivac x2, Marauder  
  90  8:07  Barracks  
  90  8:09  Barracks  
  90  8:17  Marine x2  
  91  8:23  Marine  
  91  8:24  Marine  
  87  8:35  Marine  
  87  8:36  Liberator, Orbital Command, Marauder  
  87  8:38  SCV x2, Barracks  
  87  8:39  Barracks  
  87  8:41  Marine  
  93  8:43  Barracks, Marauder  
  95  8:53  Supply Depot  
  95  8:54  Supply Depot  
  98  9:02  SCV  
  99  9:08  Marine  
  99  9:09  Marine x2  
  103  9:11  Barracks Reactor, Barracks Tech Lab  
  103  9:16  SCV x3  
  101  9:17  Supply Depot x2  
  101  9:21  Missile Turret  
  101  9:22  Missile Turret  
  101  9:23  Marine  
  102  9:26  Marine x2  
  102  9:27  Marauder  
  102  9:28  SCV x3  
  102  9:29  Widow Mine x2  
  113  9:33  Marine  
  113  9:34  Marauder  
  116  9:40  SCV  
  110  10:00  Marine  
  110  10:01  Marauder, Marine x3  
  110  10:02  Marauder  
  110  10:06  Marauder  
  112  10:11  SCV x2  
  115  10:15  Supply Depot, Barracks Tech Lab x2, Barracks Reactor  
Show
View Real Time Build Order
Export as new Build Order

Sooge Protoss 

Build Orders: Oracle Opening 

Get SALT Encoding   

  12  0:01  Probe (Chrono Boost)  
  13  0:12  Probe (Chrono Boost)  
  14  0:21  Pylon  
  14  0:22  Probe (Chrono Boost)  
  15  0:39  Probe (Chrono Boost)  
  15  0:40  Gateway  
  16  0:49  Assimilator  
  16  0:50  Probe (Chrono Boost)  
  17  0:57  Assimilator  
  17  1:00  Probe (Chrono Boost)  
  18  1:11  Probe (Chrono Boost)  
  19  1:21  Probe (Chrono Boost)  
  20  1:32  Probe (Chrono Boost)  
  21  1:35  Cybernetics Core  
  21  1:42  Probe (Chrono Boost)  
  22  1:53  Probe (Chrono Boost)  
  22  1:56  Nexus  
  22  2:00  Pylon  
  22  2:05  Probe (Chrono Boost)  
  23  2:19  Mothership Core, Adept (Chrono Boost)  
  27  2:24  Warp Gate  
  27  2:34  Pylon  
  27  2:40  Probe  
  27  2:43  Adept (Chrono Boost)  
  30  2:52  Probe  
  31  3:00  Stargate  
  31  3:04  Probe  
  32  3:06  Adept (Chrono Boost)  
  32  3:09  Probe  
  35  3:16  Probe  
  36  3:26  Probe  
  36  3:28  Probe  
  36  3:41  Mothership Core  
  36  3:43  Adept (Chrono Boost)  
  36  3:44  Oracle (Chrono Boost)  
  39  4:02  Pylon  
  39  4:08  Gateway  
  39  4:12  Pylon  
  39  4:14  Gateway  
  37  4:18  Phoenix (Chrono Boost)  
  40  4:24  Probe  
  40  4:25  Probe  
  40  4:29  Pylon  
  41  4:31  Stalker  
  41  4:36  Probe x2  
  42  4:42  Phoenix (Chrono Boost)  
  44  4:46  Probe  
  44  4:48  Probe  
  46  4:57  Probe  
  47  5:00  Probe  
  47  5:03  Phoenix (Chrono Boost)  
  47  5:06  Pylon  
  50  5:09  Probe, Adept x3  
  57  5:15  Twilight Council, Probe  
  58  5:25  Probe  
  58  5:27  Pylon  
  61  5:28  Phoenix (Chrono Boost)  
  61  5:30  Probe  
  62  5:35  Probe  
  63  5:43  Probe  
  63  5:46  Probe  
  67  5:50  Phoenix (Chrono Boost)  
  67  5:55  Probe, Zealot x3  
  74  5:58  Assimilator x2  
  74  5:59  Pylon  
  74  6:10  Probe  
  75  6:16  Probe  
  76  6:20  Pylon  
  76  6:22  Probe, Pylon  
  79  6:25  Phoenix (Chrono Boost)  
  79  6:26  Adept x2  
  79  6:27  Adept  
  79  6:32  Gateway  
  85  6:33  Gateway  
  85  6:37  Resonating Glaives (Chrono Boost)  
  85  6:43  Pylon  
  85  6:51  Zealot  
  85  6:52  Zealot x2  
  91  7:00  Phoenix (Chrono Boost)  
  93  7:07  Probe  
  93  7:08  Probe  
  93  7:13  Zealot x2  
  93  7:14  Sentry  
  101  7:25  Probe x2  
  103  7:30  Forge  
  103  7:33  Forge  
  103  7:34  Sentry x3  
  109  7:43  Nexus, Pylon  
  97  7:55  Adept x2  
  91  8:04  Probe x2  
  93  8:12  Protoss Ground Weapons Level 1 (Chrono Boost)  
  91  8:13  Protoss Ground Armor Level 1 (Chrono Boost)  
  91  8:15  Phoenix  
  91  8:16  Probe x2  
  91  8:26  Zealot  
  91  8:27  Zealot x4  
  91  8:34  Pylon  
  97  8:37  Phoenix  
  99  8:41  Charge (Chrono Boost)  
  99  8:43  Probe  
  99  8:44  Probe  
  101  8:55  Probe  
  101  8:56  Probe, Pylon  
  101  8:57  Pylon  
  103  9:08  Probe x2  
  105  9:22  Zealot  
  105  9:23  Zealot x4  
  115  9:26  Probe x2  
  115  9:27  Probe  
  115  9:28  Assimilator  
  115  9:30  Pylon, Assimilator  
  118  9:33  Pylon  
  118  9:38  Probe  
  119  9:50  Zealot x2  
  119  9:51  Zealot x2  
  80  10:08  Probe x3  
  80  10:12  Zealot  
  80  10:13  Zealot x3  
  79  10:17  Pylon  
Tags
 
Composition
MMM Bio
League
Master
Matchup
PvT
Replay Pack
MorN pack 2
Add a new tag
Caveats
  • Supply blocks, unpowered buildings, or Contaminate may cause inaccurate times.
  • Supply counts are checked every 10 seconds.